SKY
PORTLAND HOPS @ VANCOUVER CASCADES
09/08/2052
 
TOP OF THE 1ST
Portland Hops batting - Pitching for Vancouver Cascades : LHP Ean Holby
Pitching: LHP Ean Holby
Batting: RHB Mason Stapleton 0-0: Swinging Strike
0-1: Foul Ball, location: 2F
0-2: Foul Ball, location: 2F
0-2: Strikes out swinging
Batting: LHB Roy Popko 0-0: Swinging Strike
0-1: Ball
1-1: Foul Ball, location: 23F
1-2: Strikes out swinging
Batting: LHB Tyler Schember 0-0: Ball
1-0: Swinging Strike
1-1: Ball
2-1: Ball
3-1: Swinging Strike
3-2: Foul Ball, location: 7LSF
3-2: Foul Ball, location: 2F
3-2: Reached on error, E6 (Groundball, 4M, EV 86.3 MPH)
Batting: RHB Donato Santana 0-0: Called Strike
0-1: Swinging Strike
0-2: Ball
1-2: Foul Ball, location: 5FF
1-2: Ball
2-2: Strikes out looking
Top of the 1st over - 0 runs, 0 hits, 1 error, 1 left on base; Portland 0 - Vancouver 0
BOTTOM OF THE 1ST
Vancouver Cascades batting - Pitching for Portland Hops : RHP Jonah Burton
Pitching: RHP Jonah Burton
Batting: LHB Tony Patino 0-0: Swinging Strike
0-1: Ball
1-1: Foul Ball, location: 7LSF
1-2: Ball
2-2: Ball
3-2: Foul Ball, location: 5F
3-2: Strikes out swinging
Batting: RHB Adam Young 0-0: Ball
1-0: Foul Ball, location: 9LMF
1-1: Ground out 4-3 (Groundball, 4, EV 82.5 MPH)
Batting: LHB Lawrence Carla 0-0: Called Strike
0-1: Ball
1-1: Foul Ball, location: 9LSF
1-2: Strikes out looking
Bottom of the 1st over - 0 runs, 0 hits, 0 errors, 0 left on base; Portland 0 - Vancouver 0
TOP OF THE 2ND
Portland Hops batting - Pitching for Vancouver Cascades : LHP Ean Holby
Batting: RHB Ike Streit 0-0: Called Strike
0-1: Ball
1-1: Called Strike
1-2: Ball
2-2: Ball
3-2: Strikes out swinging
Batting: RHB Michael Paul 0-0: Fly out, F8 (Flyball, 8LS, EV 92.5 MPH)
Batting: RHB Elroy Cornett 0-0: Called Strike
0-1: Swinging Strike
0-2: Foul Ball, location: 2F
0-2: Strikes out swinging
Top of the 2nd over - 0 runs, 0 hits, 0 errors, 0 left on base; Portland 0 - Vancouver 0
BOTTOM OF THE 2ND
Vancouver Cascades batting - Pitching for Portland Hops : RHP Jonah Burton
Batting: LHB Tony Wichmann 0-0: Ground out 4-3 (Groundball, 4, EV 86.3 MPH)
Batting: RHB Jessie Cochran 0-0: Ball
1-0: Called Strike
1-1: Called Strike
1-2: Foul Ball, location: 3DF
1-2: Ball
2-2: Fly out, F6 (Popup, 6, EV 73.1 MPH)
Batting: LHB Monte Baker 0-0: Ball
1-0: Called Strike
1-1: Ground out 4-3 (Groundball, 34, EV 80.6 MPH)
Bottom of the 2nd over - 0 runs, 0 hits, 0 errors, 0 left on base; Portland 0 - Vancouver 0
TOP OF THE 3RD
Portland Hops batting - Pitching for Vancouver Cascades : LHP Ean Holby
Batting: RHB Pete Koo 0-0: Ball
1-0: Ball
2-0: Foul Ball, location: 3F
2-1: Foul Ball, location: 5F
2-2: Ball
3-2: Foul Ball, location: 7LSF
3-2: Fly out, F6 (Popup, P, EV 73.1 MPH)
Batting: RHB Dean Cunningham 0-0: Called Strike
0-1: Ball
1-1: Fly out, F9 (Line Drive, 89M, EV 86.9 MPH)
Batting: RHB Mason Stapleton 0-0: Ball
1-0: Called Strike
1-1: Foul Ball, location: 2LF
1-2: Foul Ball, location: 25FF
1-2: Strikes out looking
Top of the 3rd over - 0 runs, 0 hits, 0 errors, 0 left on base; Portland 0 - Vancouver 0
BOTTOM OF THE 3RD
Vancouver Cascades batting - Pitching for Portland Hops : RHP Jonah Burton
Batting: RHB Wes Marques 0-0: Foul Ball, location: 5DF
0-1: Ball
1-1: Ball
2-1: Called Strike
2-2: Foul Ball, location: 2F
2-2: Foul Ball, location: 9LSF
2-2: Ground out 5-3 (Groundball, 56S, EV 81.3 MPH)
Batting: SHB Beau Koss 0-0: Ground out 4-3 (Groundball, 4, EV 86.3 MPH)
Batting: RHB Gunner Parks 0-0: Ball
1-0: Ground out 6-3 (Groundball, 6, EV 88.1 MPH)
Bottom of the 3rd over - 0 runs, 0 hits, 0 errors, 0 left on base; Portland 0 - Vancouver 0
TOP OF THE 4TH
Portland Hops batting - Pitching for Vancouver Cascades : LHP Ean Holby
Batting: LHB Roy Popko 0-0: Swinging Strike
0-1: Called Strike
0-2: Ball
1-2: Ball
2-2: Ball
3-2: Strikes out swinging
Batting: LHB Tyler Schember 0-0: Called Strike
0-1: Ball
1-1: Ball
2-1: Foul Ball, location: 23F
2-2: Ball
3-2: Fly out, F8 (Flyball, 8RXD, EV 96.3 MPH)
Batting: RHB Donato Santana 0-0: Ball
1-0: Foul Ball, location: 2F
1-1: Ball
2-1: Foul Ball, location: 23F
2-2: Ball
3-2: Foul Ball, location: 2F
3-2: SINGLE (Groundball, 56D, EV 96.9 MPH)
Batting: RHB Ike Streit 0-0: Fly out, F3 (Popup, 3, EV 66.9 MPH)
Top of the 4th over - 0 runs, 1 hit, 0 errors, 1 left on base; Portland 0 - Vancouver 0
BOTTOM OF THE 4TH
Vancouver Cascades batting - Pitching for Portland Hops : RHP Jonah Burton
Batting: LHB Tony Patino 0-0: SINGLE (Line Drive, 7LM, EV 95.0 MPH)
Batting: RHB Adam Young 0-0: Ball
1-0: Called Strike
1-1: Ball
2-1: Called Strike
2-2: Grounds into double play, U3-6 (Groundball, 3L, EV 106.9 MPH)
Batting: LHB Lawrence Carla 0-0: Called Strike
0-1: Swinging Strike
0-2: Foul Ball, location: 2F
0-2: Ball
1-2: Ball
2-2: Strikes out swinging
Bottom of the 4th over - 0 runs, 1 hit, 0 errors, 0 left on base; Portland 0 - Vancouver 0
TOP OF THE 5TH
Portland Hops batting - Pitching for Vancouver Cascades : LHP Ean Holby
Batting: RHB Michael Paul 0-0: Ball
1-0: Called Strike
1-1: Swinging Strike
1-2: Ball
2-2: Strikes out swinging
Batting: RHB Elroy Cornett 0-0: Fly out, F4 (Popup, 4, EV 74.4 MPH)
Batting: RHB Pete Koo 0-0: Called Strike
0-1: Foul Ball, location: 2F
0-2: Ball
1-2: Strikes out swinging
Top of the 5th over - 0 runs, 0 hits, 0 errors, 0 left on base; Portland 0 - Vancouver 0
BOTTOM OF THE 5TH
Vancouver Cascades batting - Pitching for Portland Hops : RHP Jonah Burton
Batting: LHB Tony Wichmann 0-0: Called Strike
0-1: Foul Ball, location: 2F
0-2: Foul Ball, location: 7LMF
0-2: Ball
1-2: Strikes out swinging, 2-3 out at first.
Batting: RHB Jessie Cochran 0-0: Ball
1-0: Called Strike
1-1: Fly out, F4 (Line Drive, 4, EV 66.9 MPH)
Batting: LHB Monte Baker 0-0: Ball
1-0: Called Strike
1-1: Foul Ball, location: 2F
1-2: Foul Ball, location: 3F
1-2: Ball
2-2: Foul Ball, location: 3SF
2-2: Foul Ball, location: 3FF
2-2: Ball
3-2: DOUBLE (Flyball, 8LXD, EV 103.8 MPH)
Batting: RHB Wes Marques 0-0: Fly out, F7 (Flyball, 7LM, EV 90.6 MPH)
Bottom of the 5th over - 0 runs, 1 hit, 0 errors, 1 left on base; Portland 0 - Vancouver 0
TOP OF THE 6TH
Portland Hops batting - Pitching for Vancouver Cascades : LHP Ean Holby
Batting: RHB Dean Cunningham 0-0: Ball
1-0: Ball
2-0: Swinging Strike
2-1: Foul Ball, location: 2F
2-2: Ball
3-2: Strikes out swinging
Batting: RHB Mason Stapleton 0-0: Ball
1-0: Ball
2-0: Ball
3-0: Base on Balls
Batting: LHB Roy Popko 0-0: Fly out, F8 (Flyball, 8RXD, EV 109.4 MPH)
Batting: LHB Tyler Schember 0-0: Fly out, F9 (Line Drive, 8RM, EV 86.3 MPH)
Top of the 6th over - 0 runs, 0 hits, 0 errors, 1 left on base; Portland 0 - Vancouver 0
BOTTOM OF THE 6TH
Vancouver Cascades batting - Pitching for Portland Hops : RHP Jonah Burton
Batting: SHB Beau Koss 0-0: Called Strike
0-1: Foul Ball, location: 2F
0-2: Foul Ball, location: 7LDF
0-2: Ball
1-2: Strikes out swinging
Batting: RHB Gunner Parks 0-0: Called Strike
0-1: Ground out 5-3 (Groundball, 5S, EV 70.0 MPH)
Batting: LHB Tony Patino 0-0: Ball
1-0: Ball
2-0: Foul Ball, location: 7LSF
2-1: Ground out 4-3 (Groundball, 4, EV 85.0 MPH)
Bottom of the 6th over - 0 runs, 0 hits, 0 errors, 0 left on base; Portland 0 - Vancouver 0
TOP OF THE 7TH
Portland Hops batting - Pitching for Vancouver Cascades : LHP Ean Holby
Batting: RHB Donato Santana 0-0: Called Strike
0-1: Swinging Strike
0-2: Ball
1-2: Strikes out swinging
Batting: RHB Ike Streit 0-0: Ground out 2-3 (Groundball, 15S, EV 65.0 MPH)
Batting: RHB Michael Paul 0-0: Ball
1-0: SINGLE (Line Drive, 3D, EV 94.4 MPH)
Batting: RHB Elroy Cornett 0-0: Swinging Strike
0-1: Foul Ball, location: 2F
0-2: Strikes out looking
Top of the 7th over - 0 runs, 1 hit, 0 errors, 1 left on base; Portland 0 - Vancouver 0
BOTTOM OF THE 7TH
Vancouver Cascades batting - Pitching for Portland Hops : RHP Jonah Burton
Batting: RHB Adam Young 0-0: Ground out 5-3 (Groundball, 5, EV 104.4 MPH)
Batting: LHB Lawrence Carla 0-0: Called Strike
0-1: Ball
1-1: Ball
2-1: Fly out, F7 (Flyball, 7, EV 91.3 MPH)
Batting: LHB Tony Wichmann 0-0: Foul Ball, location: 3FF
0-1: Ball
1-1: Foul Ball, location: 7LMF
1-2: Ball
2-2: Strikes out swinging
Bottom of the 7th over - 0 runs, 0 hits, 0 errors, 0 left on base; Portland 0 - Vancouver 0
TOP OF THE 8TH
Portland Hops batting - Pitching for Vancouver Cascades : LHP Ean Holby
Batting: RHB Pete Koo 0-0: Foul Ball, location: 3SF
0-1: Foul Ball, location: 9LMF
0-2: Strikes out swinging
Batting: RHB Dean Cunningham 0-0: Ball
1-0: Called Strike
1-1: Foul Ball, location: 2F
1-2: Strikes out swinging
Batting: RHB Mason Stapleton 0-0: Called Strike
0-1: Called Strike
0-2: Strikes out swinging
Top of the 8th over - 0 runs, 0 hits, 0 errors, 0 left on base; Portland 0 - Vancouver 0
BOTTOM OF THE 8TH
Vancouver Cascades batting - Pitching for Portland Hops : RHP Jonah Burton
Batting: RHB Jessie Cochran 0-0: Called Strike
0-1: Ball
1-1: Ball
2-1: Ball
3-1: Called Strike
3-2: Ground out 5-3 (Groundball, 56, EV 107.5 MPH)
Batting: LHB Monte Baker 0-0: SINGLE (Flyball, 8LS, EV 93.8 MPH)
Batting: RHB Wes Marques 0-0: Called Strike
Monte Baker steals 2nd base (no throw)
0-1: Foul Ball, location: 2F
0-2: Ball
1-2: Foul Ball, location: 2F
1-2: Ball
2-2: Foul Ball, location: 9LDF
2-2: Ball
3-2: Fly out, F7 (Flyball, 7D, EV 108.8 MPH)
Runner from 2nd tags up, SAFE at 3rd, no throw by LF
Batting: SHB Beau Koss 0-0: Called Strike
0-1: Called Strike
0-2: Foul Ball, location: 9LSF
0-2: Hit by Pitch
Pitching: RHP Vic Mallery
Pinch Hitting: SHB Asher Wurtz 0-0: Ball
1-0: Called Strike
1-1: SINGLE (Groundball, 6MD, EV 93.8 MPH)
Monte Baker scores
Beau Koss to second
Pinch Runner at 2nd Kevin Tanaka:
Batting: LHB Tony Patino 0-0: Called Strike
0-1: Foul Ball, location: 7LMF
0-2: Ball
1-2: Ball
2-2: DOUBLE (Line Drive, 89XD, EV 99.4 MPH)
Kevin Tanaka scores
Asher Wurtz to third
Runner from 3rd tries for Home, SAFE, throw by RF to trailing runner, OUT at third! 9-3-5
Bottom of the 8th over - 3 runs, 3 hits, 0 errors, 0 left on base; Portland 0 - Vancouver 3
TOP OF THE 9TH
Portland Hops batting - Pitching for Vancouver Cascades : LHP Ean Holby
Pitching: RHP Tony Young
Now at 2B: Kevin Tanaka
Now at 3B: Francis Moreland
Batting: LHB Roy Popko 0-0: Ball
1-0: Ball
2-0: Called Strike
2-1: Foul Ball, location: 2F
2-2: Reached via error on a dropped throw from 1B, E1 (Groundball, 34, EV 86.3 MPH)
Batting: LHB Tyler Schember 0-0: Called Strike
0-1: Swinging Strike
0-2: Ball
1-2: Strikes out looking
Pinch Hitting: LHB Hiroshi Takase 0-0: Called Strike
0-1: Foul Ball, location: 2F
0-2: Ball
1-2: Foul Ball, location: 3SF
1-2: Ball
2-2: Fly out, F7 (Flyball, 7LS, EV 93.8 MPH)
Batting: LHB Noah Austin 0-0: Ball
1-0: Called Strike
1-1: Swinging Strike
1-2: Strikes out swinging
Top of the 9th over - 0 runs, 0 hits, 1 error, 1 left on base; Portland 0 - Vancouver 3
Monday, May 6th , 2024 - OOTP Baseball 24.11 Build 85